 Dungeon Crawl Stone Soup version 0.30-a0-137-gd8773701ce (webtiles) character file.

Game seed: 17222093191352945565

58 Decritt the Sneak (level 3, -1/17 HPs)
             Began as a Spriggan Earth Elementalist on Sept 23, 2022.
             Slain by Terence
             ... wielding a +1 vorpal trident
              (3 damage)
             ... on level 2 of the Dungeon.
             The game lasted 00:08:18 (1318 turns).

Decritt the Sneak (Spriggan Earth Elementalist)     Turns: 1318, Time: 00:08:19

Health: -1/17      AC:  2    Str:  4    XL:     3   Next: 75%
Magic:  5/8        EV: 17    Int: 18    God:
Gold:   62         SH:  0    Dex: 15    Spells: 7/8 levels left

rFire   . . .      SeeInvis +    (weapon restricted)
rCold   . . .      Faith    .    (no shield)
rNeg    . . .      Spirit   .    a - +0 robe
rPois   .          Reflect  .    (helmet restricted)
rElec   .          Harm     .    (no cloak)
rCorr   .          Rampage  .    (gloves unavailable)
Will    +....                    (boots unavailable)
Stlth   ++........               (no amulet)
HPRegen 0.05/turn                c - ring of willpower
MPRegen 0.11/turn                (no ring)

@: very slightly contaminated, very quick
A: very small, no large weapons, unfitting armour, see invisible, speed 3
a: no special abilities


You were on level 2 of the Dungeon.
You visited 1 branch of the dungeon, and saw 2 of its levels.

You collected 62 gold pieces.

Inventory:

Armour
 a - a +0 robe (worn)
Jewellery
 c - a ring of willpower (left hand)
Scrolls
 d - a scroll of identify {unknown}
Potions
 b - a potion of magic
 e - 2 potions of might {unknown}
 f - 2 potions of ambrosia {unknown}


   Skills:
 + Level 0.9 Fighting
 + Level 3.3 Dodging
 - Level 3.3 Stealth
 + Level 3.3 Spellcasting
 - Level 2.0 Transmutations
 * Level 3.2 Earth Magic


You had 7 spell levels left.
You knew the following spells:

 Your Spells              Type           Power      Damage    Failure   Level
a - Sandblast             Erth           28%        2d8       4%          1

Your spell library contained the following spells:

 Spells                   Type           Power      Damage    Failure   Level
 Passwall                 Tmut/Erth      10%        N/A       9%          2
 Cigotuvi's Dreadful Rot  Necr/Pois/Air  4%         N/A       24%         2
 Stone Arrow              Conj/Erth      16%        3d8       24%         3
 Petrify                  Tmut/Erth      12%        N/A       47%         4
 Dispel Undead            Necr           2%         3d7       85%         4
 Death Channel            Necr           1%         N/A       100%        6


Dungeon Overview and Level Annotations

Branches:
Dungeon (2/15)

Altars:

Annotations:
D:2 Terence


Innate Abilities, Weirdness & Mutations

You are very small and have problems with some larger weapons.
You are too small for most types of armour.
You have supernaturally acute eyesight. (SInv)
You cover ground extremely quickly. (Speed+++)


Message History

There is an open door here.
There is an open door here.
There is an open door here.
Key pressed, stopping explore.
An endoplasm comes into view.
Casting: Sandblast (safe; 4% risk of failure)
Confirm with . or Enter, or press ? or * to list all spells.
Aiming: Sandblast (safe; 4% risk of failure)
Press: ? - help, Shift-Dir - straight line, f - endoplasm
Aim: an endoplasm (asleep, 100% to hit)
The blast of sand hits the endoplasm.
You kill the endoplasm!
Terence the Incautious comes into view.
He is wielding a +1 vorpal trident.
Found a stone staircase leading down.
Casting: Sandblast (safe; 4% risk of failure)
Confirm with . or Enter, or press ? or * to list all spells.
Aiming: Sandblast (safe; 4% risk of failure)
Press: ? - help, Shift-Dir - straight line, f - Terence
Aim: Terence, wielding a +1 vorpal trident and wearing a +0 chain mail (87% to hit)
You miscast Sandblast.
You are very lightly contaminated with residual magic.
Nothing appears to happen.
Terence barely misses you.
Casting: Sandblast (safe; 4% risk of failure)
Confirm with . or Enter, or press ? or * to list all spells.
Aiming: Sandblast (safe; 4% risk of failure)
Press: ? - help, Shift-Dir - straight line, f/p - Terence
Aim: Terence, wielding a +1 vorpal trident and wearing a +0 chain mail (87% to hit)
The blast of sand misses Terence.
Terence hits you from afar with a +1 vorpal trident.
* * * LOW HITPOINT WARNING * * *
Terence closely misses you.
Casting: Sandblast (safe; 4% risk of failure)
Confirm with . or Enter, or press ? or * to list all spells.
Aiming: Sandblast (safe; 4% risk of failure)
Press: ? - help, Shift-Dir - straight line, f/p - Terence
Aim: Terence, wielding a +1 vorpal trident and wearing a +0 chain mail (87% to hit)
The blast of sand hits Terence but does no damage.
Terence hits you from afar with a +1 vorpal trident!
* * * LOW HITPOINT WARNING * * *
You die...

#. .. #. .. # # .###
.# ######### #.
@.####.# #.......#
#.##...#..#
########'####...@....#
#.# #......#......>.#
#.# #......##....####
#.# #......##....# #.#
###'#####....#
#.######.# ####.#
#.....##.# #.##
#####.#..# #..# #.#.##
##.#


You could see Terence.

Vanquished Creatures
  2 adders (D:2)
  2 dart slugs (D:1)
  5 ball pythons
  4 endoplasms
  A giant cockroach (D:1)
  2 hobgoblins
  5 jackals (D:1)
  A quokka (D:1)
  5 bats
  5 kobolds (D:1)
  2 rats (D:1)
34 creatures vanquished.

Notes
Turn   | Place    | Note
-------+----------+-------------------------------------------
     0 | D:1      | Decritt the Spriggan Earth Elementalist began the quest for
                  | the Orb.
     0 | D:1      | Reached XP level 1. HP: 9/9 MP: 5/5
   245 | D:1      | Reached XP level 2. HP: 13/13 MP: 2/6
   802 | D:1      | Reached XP level 3. HP: 17/17 MP: 5/8
  1159 | D:2      | Found a faded altar of an unknown god.
  1313 | D:2      | Noticed Terence
  1318 | D:2      | Slain by Terence

Illustrated notes

Levels and vault maps discovered:
D:1:      matt_arrival_grand_opening, layout_basic
D:2:      layout_basic, chequers_ecumenical_altar_twisty,
          minmay_tree_intersection, minmay_pentomino_pile, uniq_terence

Skill      XL: |  1  2  3 |
---------------+----------+-----
Spellcasting   | 3 |  3.3
Dodging        | 3 |  3.3
Transmutations | 2 |  2.0
Earth Magic    | 3 |  3.2
Fighting       | |  0.9
Stealth        | |  3.3

Action                   || total
-------------------------++-------
Melee: Unarmed           ||     6
 Cast: Sandblast         ||    48
Armor: Robe              ||     5
Dodge: Dodged            ||    13

Table legend: (Time is in decaauts)
 A = Elapsed time spent in this place.
 B = Non-inter-level travel time spent in this place.
 C = Inter-level travel time spent in this place.
 D = Time resting spent in this place.
 E = Time spent auto-exploring this place.
 F = Levels seen in this place.
 G = Mean time per level.
                   A        B        C        D        E       F      G
               +--------+--------+--------+--------+--------+-----+--------+
         Total |   1046 |   1018 |     28 |    259 |    586 |   2 |  523.0 |
       Dungeon |   1046 |   1018 |     28 |    259 |    586 |   2 |  523.0 |
               +--------+--------+--------+--------+--------+-----+--------+

Top non-repeatable levels by time:
     D:1: 804 daAuts
     D:2: 241 daAuts
